[Event "Blixt-SM 2025"]
[Site "Norrköping, Sweden"]
[Date "2025.09.26"]
[Round "6.9"]
[White "Religa, Marek"]
[Black "Sjoholm, Emil"]
[Result "1-0"]
[TimeControl "3 min + 2 sec/move"]
[WhiteElo "2207"]
[BlackElo "2062"]

1. e4 e5 2. Nf3 Nc6 3.
Bc4 Bc5 4. O-O Nf6 5. d4 Bxd4 6. Nxd4 Nxd4 7. Bg5 h6 8. Bh4 g5 9. f4 d5 10. exd5 Bg4 11. Qd2 gxh4 12. fxe5 Nf3+ 13. gxf3 Bh3 14. Rf2 Nh5 15. f4 Rg8+ 16. Kh1 Qd7 17. e6 fxe6 18.
dxe6 Qxd2 19. Nxd2 Ke7 20. f5 Nf6 21. Nf3 Rg4 22. Ne5 Re4 23. Ng6+ Kd6 24. Rd1+ Kc5 25. Bd3 Rd4 26. Ne5 Rg8 27. Rg1 Rxg1+ 28. Kxg1 h5 29. e7 Ng4 30. e8=Q Nxf2 31. Kxf2 Rf4+ 32. Ke3 1-0

[Event "Blixt-SM 2025"]
[Site "Norrköping, Sweden"]
[Date "2025.09.26"]
[Round "8.5"]
[White "Rogoz, Vladyslav"]
[Black "Nygren, Kim"]
[Result "1-0"]
[TimeControl "3 min + 2 sec/move"]
[BlackTitle "CM"]
[WhiteElo "2108"]
[BlackElo "2173"]

1. d4 d5 2. c4 e6 3. Nf3 a6 4. c5 Be7 5. Nc3 Nf6 6. Bg5 Ng4 7. Bxe7 Qxe7 8. e3 c6 9. Be2 e5 10.
h3 exd4 11. Nxd4 Ne5 12. b4 O-O 13. O-O f5 14. Nf3 Ng6 15. Bd3 Nd7 16. Qc2 Nde5 17. Nxe5 Qxe5 18. Ne2 Bd7 19. Nd4 Rae8 20. a4 Rf6 21. b5 axb5 22.
axb5 Nh4 23. Ne2 cxb5 24. Ra7 Bc6 25. Rfa1 Rg6 26. Nf4 Rg5 27. Ra8 d4 28. Rxe8+ Qxe8 29.
Qa2+ Kh8 30. Qa8 dxe3 31. Qxe8+ Bxe8 32. Ra8 exf2+ 33. Kxf2 h6 34. Rxe8+ 1-0

[ePGN "0.1;DGT LiveChess/2.2.7"]

[Event "Blixt-SM 2025"]
[Site "Norrköping, Sweden"]
[Date "2025.09.26"]
[Round "10.1"]
[White "Seo, Jung Min"]
[Black "Olsson, Linus"]
[Result "1-0"]
[TimeControl "3 min + 2 sec/move"]
[WhiteTitle "IM"]
[BlackTitle "FM"]
[WhiteElo "2480"]
[BlackElo "2166"]

1. e4 c5 2. Nf3 d6 3. c3 Nf6 4. h3 g6 5.
Bd3 Bg7 6. O-O O-O 7. Re1 Nc6 8. Bc2 e5 9. d4 cxd4 10. cxd4 exd4 11. Nxd4 Nxd4 12. Qxd4 Re8 13. Qd1 Be6 14. Nc3 a6 15. Be3 Rc8 16. Bd4 b5 17. a3 Qc7 18. Qd2 Red8 19.
Rad1 Qb7 20. Qf4 Nh5 21. Qg5 Bxd4 22. Rxd4 Kg7 23. Red1 Qb6 24. Rxd6 f6 25. Rxb6 fxg5 26. Rxe6 Nf4 27. Rxa6 Rxd1+ 28. Bxd1 Rd8 29. g3 Nd3 30. b4 Rc8 31.
Nd5 Rc1 32. Ne3 Ne5 33. Kg2 Ra1 34.
Be2 Re1 35. Bxb5 h5 36. Re6 Nf7 37.
Bc4 h4 38. Re7 hxg3 39. Rxf7+ Kh8 40. Kxg3 Rg1+ 41. Kh2 Rc1 42. Rd7 g4 43. Be2 g3+ 44. Kxg3 g5 45. Ng2 g4 46. hxg4 Rc3+ 47. Rd3 Rc6 48. f4 Rc2 49. Re3 Rc7 50.
g5 Kg7 51. f5 Rc1 52. Kf4 Rg1 53. Bf3 Rf1 54. e5 Rc1 55. a4 Rc4+ 56. Re4 Rc3 57. b5 Ra3 58. e6 Rc3 59. f6+ Kg6 60. Nh4+ Kh7 61. a5 Rc1 62. Rd4 Rg1 63. Rd7+ Kg8 64. Rg7+ 1-0

[Event "Blixt-SM 2025"]
[Site "Norrköping, Sweden"]
[Date "2025.09.26"]
[Round "11.7"]
[White "Berovski, Krum"]
[Black "Sjoholm, Emil"]
[Result "1-0"]
[TimeControl "3 min + 2 sec/move"]
[WhiteElo "2344"]
[BlackElo "2062"]

1. d4 Nf6 2. c4 e6 3. Nc3 c5 4. d5 exd5 5. cxd5 d6 6. e4 g6 7. f4 Bg7 8. Bb5+ Nbd7 9. e5 dxe5 10.
fxe5 Nh5 11. e6 Qh4+ 12. g3 Nxg3 13. hxg3 Qxh1 14. exd7+ Bxd7 15. Bxd7+ Kxd7 16. Qa4+ Kd8 17. Bg5+ f6 18. Be3 Re8 19.
Kd2 Bh6 20. Bxh6 Qxh6+ 21. Qf4 Qxf4+ 22. gxf4 Kd7 23. Nf3 Re7 24. Rh1 b6 25. Rh6 Rg8 26. Nh2 a6 27. Ng4 Rf8 28. a4 Kd6 29. f5 gxf5 30. Nxf6 Ke5 31. Nh5 f4 32. Ke2 f3+ 33. Kf2 Rg7 34. Nxg7 1-0